 Dungeon Crawl Stone Soup version 0.30.1-9-gdf580d7c3d (webtiles) character file.

Game seed: 18248109638757774794

4176 Ancym0n the Cleaver (level 10, -4/86 HPs)
             Began as a Hill Orc Fighter on Oct 11, 2023.
             Was a Follower of Beogh.
             Slain by a death yak (12 damage)
             ... on level 8 of the Dungeon on Oct 12, 2023.
             The game lasted 00:32:01 (6945 turns).

Ancym0n the Cleaver (Hill Orc Fighter)              Turns: 6945, Time: 00:32:02

Health: -4/86      AC: 23    Str: 24    XL:     10   Next: 28%
Magic:  10/10      EV:  7    Int: 15    God:    Beogh [*.....]
Gold:   310        SH:  5    Dex: 10    Spells: 9/9 levels left

rFire   . . .        a - +0 war axe (heavy)
rCold   . . .        c - +0 buckler
rNeg    . . .        l - +7 plate armour of Tenacity {Int+7}
rPois   .            s - +0 helmet
rElec   .            (no cloak)
rCorr   .            i - +0 pair of gloves
SInv    .            (no boots)
Will    .....        (no amulet) Stlth
                     (no ring)
HPRegen 0.34/turn    (no ring)
MPRegen 0.12/turn

%: no passive effects
@: mighty, lethally poisoned (-4 -> -6)
A: no striking features
a: Renounce Religion


You were on level 8 of the Dungeon.
You worshipped Beogh.
Beogh was aware of your devotion.
You visited 1 branch of the dungeon, and saw 8 of its levels.

You collected 310 gold pieces.

Inventory:

Hand Weapons
 a - a +0 heavy war axe (weapon)
Missiles
 f - 9 poisoned darts (quivered)
 E - a throwing net
Armour
 b - a +0 scale mail
 c - a +0 buckler (worn)
 g - a +2 ring mail of cold resistance
 i - a +0 pair of gloves (worn)
 l - the +7 plate armour of Tenacity (worn) {Int+7}
   (You found it on level 3 of the Dungeon)

   Int:       It affects your intelligence (+7).
 o - a +0 chain mail
 s - a +0 helmet (worn)
Jewellery
 k - a +4 ring of protection
 t - an amulet of the acrobat
 y - an amulet of reflection
Wands
 e - a wand of paralysis (10)
 q - a wand of flame (23)
 v - a wand of light (1)
Scrolls
 j - 3 scrolls of poison
 m - a scroll of teleportation {unknown}
 n - a scroll of enchant armour {unknown}
 r - a scroll of enchant weapon {unknown}
 u - a scroll of brand weapon
 z - a scroll of summoning {unknown}
 A - a scroll of identify
 C - a scroll of vulnerability {unknown}
Potions
 h - 6 potions of curing
 p - a potion of haste
 w - a potion of mutation {unknown}
 x - a potion of cancellation
 B - 2 potions of berserk rage {unknown}
 D - a potion of flight


   Skills:
 + Level 7.4 Fighting
 + Level 12.6 Axes
 + Level 0.1 Throwing
 + Level 8.2 Armour
 + Level 1.7 Dodging
 + Level 0.3 Stealth
 + Level 7.6 Shields


You had 9 spell levels left.
You didn't know any spells.
Your spell library contained the following spells:

 Spells                   Type           Power      Damage    Failure   Level
 Foxfire                  Conj/Fire      0%         2x1d4     99%         1
 Lesser Beckoning         Tloc           0%         N/A       99%         2
 Gell's Gravitas          Tloc           0%         N/A       100%        3
 Teleport Other           Tloc           0%         N/A       100%        3
 Fireball                 Conj/Fire      0%         3d3       100%        5
 Dispersal                Tloc           0%         N/A       100%        6
 Plasma Beam              Fire/Air       0%         2x1d11    100%        6
 Starburst                Conj/Fire      0%         6d3       100%        6


Dungeon Overview and Level Annotations

Branches:
Dungeon (8/15)             Temple (0/1) D:4            Lair (0/5) D:8

Altars:
Uskayaw
Yredelemnul
Zin


Message History

You hit the death yak but do no damage.
The death yak is moderately wounded.
You slash the death yak! You barely miss the killer bee.
You feel very sick.
The killer bee stings you but does no damage.
You block the killer bee's attack.
The death yak gores you but does no damage.
The death yak barely misses you.
The killer bee stings you but does no damage.
The death yak gores you but does no damage.
You block the death yak's attack.
You slice the death yak!!
The death yak is almost dead.
You slash the death yak! You closely miss the killer bee.
You feel very sick.
You block the killer bee's attack. x2; The death yak barely misses you.
The death yak gores you but does no damage.
You slash the death yak!
The death yak is almost dead.
You slash the killer bee! You slash the death yak!
You feel sick. The killer bee closely misses you.
The killer bee stings you but does no damage.
The death yak gores you but does no damage. x2
The killer bee stings you but does no damage.
Okay, then.
You feel very mighty all of a sudden.
You feel sick.
The killer bee stings you but does no damage.
The death yak barely misses you. x2; The killer bee stings you.
* * * LOW HITPOINT WARNING * * *
Unknown command.
You barely miss the death yak.
The death yak is almost dead.
You slice the killer bee!!
You kill the killer bee!
Beogh accepts your kill.
You slice the death yak!!
You feel sick.
The death yak gores you but does no damage.
The death yak gores you!
You die... .....#### ........###### ...?#.. #.##.##......# ....... #.##....# ......# ......#.### ....>.. ......#...## Ky.....

......###..#
YYy..# .[....#
##.######YYy.#
......#
#..../.@Y#
......#
########yY#
.....<# .....
......#
......#
......#
#######
#######


You could see 6 death yaks, a kobold brigand and 4 killer bees.

Vanquished Creatures
  Maggie (D:6)
  A gargoyle (D:7)
  Grinder (D:4)
  Sigmund (D:6)
  A yak (D:7)
  A wraith (D:8)
  A water moccasin (D:6)
  2 sky beasts
  A black bear (D:6)
  An ice beast (D:7)
  4 centaurs
  3 ogres
  3 phantoms
  3 gnoll sergeants
  A bullfrog (D:7)
  4 scorpions
  8 killer bees (D:8)
  4 howler monkeys
  3 jellies
  2 hounds
  An orc priest (D:7)
  3 sleepcaps
  Jessica (D:2)
  6 iguanas
  An orc wizard (D:5)
  19 gnolls
  5 adders
  A white imp (D:7)
  An ufetubus (D:7)
  3 worms (D:2)
  2 dart slugs
  21 orcs
  8 endoplasms
  3 giant cockroaches
  10 goblins
  2 hobgoblins
  5 kobolds
  2 quokkas
  4 ball pythons
  5 bats
  7 frilled lizards
  A goblin zombie (D:4)
  A kobold zombie (D:4)
  2 rats (D:2)
160 creatures vanquished.

Vanquished Creatures (others)
  A hobgoblin (D:4)
1 creature vanquished.

Grand Total: 161 creatures vanquished

Notes
Turn   | Place    | Note
-------+----------+-------------------------------------------
     0 | D:1      | Ancym0n the Hill Orc Fighter began the quest for the Orb.
     0 | D:1      | Reached XP level 1. HP: 19/19 MP: 1/1
   116 | D:1      | You fall into a shaft and drop 1 floor!
   177 | D:2      | Reached XP level 2. HP: 27/27 MP: 2/2
   344 | D:2      | Reached skill level 3 in Axes
   355 | D:2      | Reached XP level 3. HP: 33/33 MP: 3/3
   550 | D:2      | Noticed Jessica
   558 | D:2      | Killed Jessica
   559 | D:2      | Reached XP level 4. HP: 40/40 MP: 4/4
  1497 | D:3      | Reached skill level 4 in Axes
  1499 | D:3      | Reached XP level 5. HP: 29/47 MP: 5/5
  1520 | D:3      | Identified the +7 plate armour of Tenacity {Int+7}
  1801 | D:3      | Noticed a +0 dagger
  1801 | D:3      | Noticed a +0 spear
  1801 | D:3      | Noticed a +0 dagger
  1801 | D:3      | Noticed a +0 falchion
  1801 | D:3      | Noticed a +0 short sword
  1802 | D:3      | Noticed a +0 falchion
  1804 | D:3      | Noticed a +0 short sword
  1804 | D:3      | Noticed a +0 spear
  1812 | D:3      | Found a hide-covered altar of Uskayaw.
  2370 | D:3      | Found a glowing silver altar of Zin.
  2503 | D:4      | Reached skill level 5 in Axes
  2503 | D:4      | Reached XP level 6. HP: 42/53 MP: 6/6
  2645 | D:4      | Noticed a human
  2646 | D:4      | Found a runed translucent door.
  2650 | D:4      | Found a basalt altar of Yredelemnul.
  2660 | D:4      | Reached skill level 6 in Axes
  2704 | D:4      | Found a staircase to the Ecumenical Temple.
  2715 | D:4      | Reached XP level 7. HP: 59/60 MP: 7/7
  2837 | D:4      | Reached skill level 5 in Shields
  2841 | D:4      | Reached skill level 7 in Axes
  2995 | D:4      | Noticed Grinder
  3013 | D:4      | Killed Grinder
  3014 | D:4      | Reached skill level 5 in Fighting
  3014 | D:4      | Reached skill level 5 in Armour
  3134 | D:5      | Entered Level 5 of the Dungeon
  3188 | D:5      | Reached skill level 8 in Axes
  3188 | D:5      | Reached XP level 8. HP: 69/69 MP: 8/8
  3285 | D:5      | Identified the +0 robe of the Durable Grue {Dex+2 Stlth+}
  3336 | D:5      | Reached skill level 9 in Axes
  3382 | D:5      | Reached skill level 1 in Dodging
  3875 | D:6      | Reached skill level 10 in Axes
  3901 | D:6      | Reached XP level 9. HP: 42/75 MP: 9/9
  4305 | D:6      | Noticed Sigmund
  4311 | D:6      | Killed Sigmund
  4601 | D:6      | Noticed Maggie
  4610 | D:6      | Killed Maggie
  4611 | D:6      | Reached skill level 11 in Axes
  5301 | D:7      | Became a worshipper of Beogh the Brigand
  5415 | D:7      | Identified the +7 dagger of Capital Punishment {flame,
                  | Int+3 Stlth+}
  5934 | D:7      | Noticed a gargoyle
  5940 | D:7      | Killed a gargoyle
  6057 | D:7      | Reached XP level 10. HP: 86/86 MP: 10/10
  6419 | D:7      | Reached skill level 12 in Axes
  6659 | D:8      | Reached * piety under Beogh
  6933 | D:8      | Noticed a death yak
  6934 | D:8      | Found a staircase to the Lair.
  6934 | D:8      | Noticed a death yak
  6935 | D:8      | Noticed a death yak
  6935 | D:8      | Noticed a death yak
  6935 | D:8      | Noticed a death yak
  6935 | D:8      | Noticed a death yak
  6937 | D:8      | Noticed a death yak
  6945 | D:8      | Slain by a death yak

Illustrated notes

Levels and vault maps discovered:
D:1:      dreamdust_arrival_sigmund_warning, layout_rooms,
          dreamdust_ecumenical_altar_hidden_monk_grotto
D:2:      minmay_thinvault, layout_loops_corners, dk_noncrumbling_3,
          uniq_jessica
D:3:      layout_loops_cross, nicolae_uskayaw_en_pointe, zin_treasury
D:4:      layout_cave_pools, dk_yredelemnul_ordeal,
          minmay_temple_entry_enclosed_plants, uniq_grinder
D:5:      layout_basic, minmay_diced_spiral
D:6:      layout_loops_corners, uniq_sigmund, uniq_maggie
D:7:      layout_loops_corners, wad_mini_maze
D:8:      layout_rooms, dpeg_lair_monsters

Skill      XL: |  1  2  3  4  5  6  7  8  9 10 |
---------------+-------------------------------+-----
Fighting       | 4 5 6 7 |  7.4
Axes           | 3 4 5 6 8 10 11 12 | 12.6
Shields        | 4 5 7 |  7.6
Armour         | 4 5 6 7 8 |  8.2
Dodging        | 1 |  1.7
Throwing       | |  0.1
Stealth        | |  0.3

Action                     |  1- 3 |  4- 6 |  7- 9 | 10-12 || total
---------------------------+-------+-------+-------+-------++-------
  Melee: War axe           |    38 |    75 |   183 |    47 ||   343
  Throw: Dart              |       |       |     1 |       ||     1
 Invoke: Convert to Beogh  |       |       |     1 |       ||     1
    Use: Potion            |     1 |     3 |     5 |     1 ||    10
         Scroll            |     1 |     6 |       |       ||     7
 Armour: Scale mail        |    21 |       |       |       ||    21
         Ring mail         |       |    21 |       |       ||    21
         Plate armour      |       |    88 |   261 |   112 ||   461
  Dodge: Dodged            |    13 |    59 |   114 |    54 ||   240
  Block: Buckler           |    10 |    41 |    81 |    32 ||   164
